AoeStats
← Burrakomaister

Arabia

510433855Analyzed
1v1 RM · 22h ago on Oct 1, 2026· 37m 23s· 2 players
Game mode
Random Map
Map size
Tiny (2 player)
Population
200
Speed
Normal
Resources
Standard
Victory
Conquest
Starting age
Dark Age
Ending age
Imperial Age
RankedLock teamsTeams togetherTeam positionsShared explorationLock speedFull tech treeHidden civsTurbo modeCheats
Victory
Defeat
🇨🇱 Malay · Chile
964
+17
🇨🇱 Franks · Chile
975
-17
Borges
8:40 Loom
10:48 Feudal Age
11:54 Double-Bit Axe
21:16 Castle Age
20:18 Scale Barding Armor
20:23 Forging
20:36 Gold Mining
26:32 Iron Casting
27:38 Gold Shaft Mining
28:57 Man-at-Arms
30:41 Bow Saw
30:34 Long Swordsman
31:17 Squires
34:44 Town Watch
Burrakomaister
7:32 Loom
10:09 Feudal Age
10:34 Double-Bit Axe
18:03 Man-at-Arms
19:58 Wheelbarrow
20:10 Arson
20:45 Forging
20:58 Forging
23:27 Castle Age
21:40 Gold Mining
22:56 Scale Mail Armor
23:34 Long Swordsman
24:00 Pikeman
Connection lost

Rejoining the realm…

Still unreachable

The connection could not be restored.

Session expired

The server has moved on; the page needs a fresh start.